 Dungeon Crawl Stone Soup version 0.15.2 (webtiles) character file.

15465 Gartch the Covert (level 12, 0/76 HPs)
             Began as a Spriggan Enchanter on Jan 2, 2015.
             Was the Champion of Makhleb.
             Slain by a wolf (8 damage)
             ... on Level 1 of the Lair of Beasts on Jan 9, 2015.
             The game lasted 07:38:47 (19965 turns).

Gartch the Covert (Spriggan Enchanter)             Turns: 19965, Time: 07:38:47

HP   0/76        AC  6     Str 13      XL: 12   Next:  1%
MP   1/33        EV 24     Int 17      God: Makhleb [******]
Gold 523         SH  0     Dex 17      Spells:  9 memorised,  5 levels left

rFire  . . .     SeeInvis +     a - +1 dagger
rCold  . . .     Clarity  .     Y - +2 robe {rN+}
rNeg   + + .     rCorr    .     (shield restricted)
rPois  .         rRot     .     (helmet restricted)
rElec  .         Spirit   .     P - +1 cloak
SustAb .         Warding  .     (gloves unavailable)
rMut   .         Stasis   .     (boots unavailable)
Gourm  .                        H - amulet of faith
MR     ++...                    A - ring of wizardry
                                B - ring of positive energy

@: berserking, very quick, very resistant to hostile enchantments, extremely
unstealthy
A: unfitting armour, antennae 1, see invisible, herbivore 3, speed 3, slow
metabolism 2
a: Minor Destruction, Lesser Servant of Makhleb, Major Destruction, Greater
Servant of Makhleb, Renounce Religion


You were on level 1 of the Lair of Beasts.
You worshipped Makhleb.
Makhleb was exalted by your worship.
You were hungry.

You visited 3 branches of the dungeon, and saw 15 of its levels.

You collected 678 gold pieces.
You spent 155 gold pieces at shops.

Inventory:

Hand weapons
 a - a +1 dagger (weapon)
 q - a +1 shortbow of freezing
 D - a +0 blowgun
 O - a +3 shortbow
Missiles
 k - 2 needles of confusion
 t - 94 bolts
 v - 172 arrows
 x - 9 arrows of flame
 C - 26 poisoned needles (quivered)
 N - 15 steel bolts
Armour
 P - a +1 cloak (worn)
 Y - a +2 robe of positive energy (worn)
Magical devices
 e - a wand of paralysis (5)
 g - a wand of random effects (16)
 j - a wand of fireball (3)
 m - a wand of cold (10) {unknown}
 r - a wand of polymorph (11)
 s - a wand of draining (6) {unknown}
 K - a wand of digging (15)
 M - a wand of random effects (3)
 T - a wand of lightning (4)
Comestibles
 d - 3 fruits
 E - a bread ration
Scrolls
 i - 2 scrolls of magic mapping
 o - 3 scrolls of recharging
 w - 3 scrolls of amnesia
 y - a scroll of remove curse
 F - a scroll of vulnerability
 G - a scroll of fog
 X - a scroll of identify
Jewellery
 A - a ring of wizardry (right hand)
 B - a ring of positive energy (left hand)
 H - an amulet of faith (around neck)
 I - an uncursed ring of protection from cold
 Q - an uncursed ring of sustain abilities
Potions
 b - a potion of mutation {unknown}
 f - 3 potions of haste
 h - a potion of flight
 l - a potion of lignification {unknown}
 n - a potion of resistance
 p - 3 potions of restore abilities
 u - a potion of invisibility
 z - 4 potions of agility
 U - a potion of cancellation
 V - a potion of might
 W - 3 potions of brilliance
 Z - a potion of cure mutation {unknown}
Books
 c - a book of Maledictions

   Spells                             Type                      Level
   *Corona                            Hexes                        1
   *Sure Blade                        Hexes/Charms                 2
   *Ensorcelled Hibernation           Hexes/Ice                    2
   *Confuse                           Hexes                        3
   *Dazzling Spray                    Conjuration/Hexes            3
   *Enslavement                       Hexes                        4
 L - a book of Spatial Translocations

   Spells                             Type                      Level
   Apportation                        Translocation                1
   *Blink                             Translocation                2
   Shroud of Golubria                 Charms/Translocation         2
   Portal Projectile                  Translocation                3
   Teleport Other                     Translocation                3
   Passage of Golubria                Translocation                4
 R - a book of Ice

   Spells                             Type                      Level
   Metabolic Englaciation             Hexes/Ice                    5
   *Ozocubu's Refrigeration           Ice                          6
   Bolt of Cold                       Conjuration/Ice              6
   Freezing Cloud                     Conjuration/Ice/Air          6
   Simulacrum                         Ice/Necromancy               6
 S - the Collected Works on Scorching Aid
   (You found it on level 12 of the Dungeon)

   Spells                             Type                      Level
   Infusion                           Charms                       1
   Swiftness                          Charms/Air                   2
   Song of Slaying                    Charms                       2
   Throw Flame                        Conjuration/Fire             2
   *Inner Flame                       Hexes/Fire                   3
   Delayed Fireball                   Conjuration/Fire             7


   Skills:
 + Level 7.9 Short Blades
 - Level 9.0 Dodging
 * Level 12.5 Stealth
 - Level 10.3 Spellcasting
 - Level 4.8 Hexes
 - Level 10.1 Ice Magic
 - Level 4.2 Invocations


You had 5 spell levels left.
You knew the following spells:

 Your Spells              Type           Power        Failure   Level  Hunger
a - Corona                Hex            ####...      1%          1    None
b - Ensorcelled Hibernat  Hex/Ice        ####..       1%          2    None
c - Confuse               Hex            ####....     1%          3    None
d - Dazzling Spray        Conj/Hex       ###.....     4%          3    None
e - Enslavement           Hex            ####....     6%          4    ###....
f - Sure Blade            Hex/Chrm       ###.......   1%          2    None
g - Blink                 Tloc           N/A          6%          2    None
h - Ozocubu's Refrigerat  Ice            #####.....   9%          6    ######.
i - Inner Flame           Hex/Fire       ###.....     4%          3    None


Dungeon Overview and Level Annotations

Branches:
Dungeon (13/15)            Temple (1/1) D:5             Orc (0/4) D:12
   Lair (1/8) D:11
 Vaults: D:13-14

Altars:
Ashenzari
Cheibriados
Dithmenos
Elyvilon
Fedhas
Kikubaaqudgha
Makhleb
Nemelex Xobeh
Yredelemnul
Zin
The Shining One

Shops:
D:4 ?   D:5 *   D:6 =

Annotations:
D:7 exclusion: inept feature mimic
D:10 exclusion: 2 oklob saplings
D:11 Nergalle


Innate Abilities, Weirdness & Mutations

You are tiny and cannot use many weapons and most armour.
You have supernaturally acute eyesight.
You are a herbivore.
You cover ground extremely quickly.
You need consume almost no food.
You have a pair of small antennae on your head.


Message History

The wolf completely misses you. x2
A red film seems to cover your vision as you go berserk!
You feel yourself moving faster!
You feel mighty!
The wolf is no longer blind.
The wolf misses you. The wolf bites you.
* * * LOW HITPOINT WARNING * * *
The wolf completely misses you. x2
You barely miss the wolf.
The wolf is moderately wounded.
The wolf completely misses you. x2
You hit the wolf but do no damage.
The wolf is moderately wounded.
The wolf misses you. The wolf completely misses you.
The wolf barely misses you.
You slash the wolf!
The wolf is severely wounded.
The wolf misses you. The wolf completely misses you.
You barely miss the wolf.
The wolf is severely wounded.
The wolf bites you!
You die...

#.##h..%..##
#..
#...h.....P##
.
#...####....##
#..##
##.......
#...# #.......
###.##
.#...... #..#
#......#
##h####h....#
#.h##@#..h
##.#hh# ##h###
###


You could see 4 wolves.

Vanquished Creatures
  A centaur warrior (D:12)
  An unseen horror (D:12)
  8 hill giants
  Maurice (D:9)
  Psyche (D:11)
  Grinder (D:4)
  A troll (D:12)
  4 wandering mushrooms (D:10)
  A two-headed ogre (D:10)
  A trapdoor spider (D:12)
  A yak (D:11)
  A wyvern (D:8)
  2 wargs
  A deep elf fighter (D:11)
  A deep elf mage (D:9)
  2 hippogriffs
  Grum (D:8)
  4 wolves
  2 hungry ghosts
  A hill giant skeleton (D:8)
  A mottled dragon (D:11)
  A water moccasin (D:6)
  5 sky beasts
  A necrophage (D:8)
  6 orc warriors
  2 porcupines (Lair:1)
  2 phantoms
  5 killer bees
  A black bear (D:12)
  2 ice beasts
  11 ogres
  7 centaurs
  Duvessa (D:8)
  The ghost of Gartch the Magician, an average DEWz (D:5)
  5 giant frogs
  A big kobold (D:8)
  5 wights (D:11)
  3 crimson imps
  A goliath beetle (D:8)
  Dowan (D:8)
  A giant frog zombie (D:5)
  6 hounds
  5 jellies
  Crazy Yiuf (D:5)
  2 giant frog skeletons (D:12)
  9 orc wizards
  4 orc priests
  5 iguanas
  9 worker ants
  A killer bee zombie (D:8)
  A big kobold zombie (D:4)
  A hound zombie (D:8)
  2 mottled dragon skeletons (D:12)
  2 hound skeletons
  11 adders
  9 green rats
  2 shadow imps
  2 worms
  An adder skeleton (D:4)
  2 iguana zombies
  8 giant geckos
  An ooze (D:2)
  43 orcs
  25 bats
  A bat skeleton (D:5)
  4 giant cockroaches
  15 hobgoblins
  7 jackals
  17 kobolds
  2 ball pythons
  3 giant newts
  A giant spore (D:9)
  4 goblins
  A goblin skeleton (D:4)
  A jackal skeleton (D:6)
  7 quokkas
  16 rats
  A rat skeleton (D:6)
  A spectral orc (D:11)
  6 ballistomycetes (D:9)
338 creatures vanquished.

Vanquished Creatures (collateral kills)
  A shadow (D:12)
  Menkaure (D:7)
  2 wargs (D:11)
  A necrophage (D:12)
  3 centaurs (D:12)
  A giant frog (D:8)
  A big kobold (D:11)
  4 killer bees
  4 orc priests
  2 orc wizards
  An adder (D:8)
  A shadow imp (D:7)
  31 orcs
  2 bats
  A giant cockroach (D:8)
  8 kobolds
  A giant spore (D:9)
  A hobgoblin zombie (D:8)
  A jackal skeleton (D:5)
67 creatures vanquished.

Vanquished Creatures (others)
  A killer bee (D:10)
  5 giant spores (D:9)
6 creatures vanquished.

Grand Total: 411 creatures vanquished

Notes
Turn   | Place    | Note
--------------------------------------------------------------
     0 | D:1      | Gartch, the Spriggan Enchanter, began the quest for the Orb.
     0 | D:1      | Reached XP level 1. HP: 9/9 MP: 4/4
   579 | D:1      | Reached XP level 2. HP: 11/13 MP: 5/7
   630 | D:1      | Learned a level 2 spell: Ensorcelled Hibernation
  1658 | D:2      | Reached skill level 5 in Stealth
  1658 | D:2      | Reached XP level 3. HP: 16/16 MP: 8/11
  1663 | D:2      | Learned a level 3 spell: Confuse
  2001 | D:3      | Found a white marble altar of Elyvilon.
  2003 | D:3      | Found a glowing silver altar of Zin.
  2004 | D:3      | Found a glowing golden altar of the Shining One.
  2176 | D:3      | Found a burning altar of Makhleb.
  2314 | D:3      | Noticed a hungry ghost
  2407 | D:3      | Killed a hungry ghost
  2407 | D:3      | Reached XP level 4. HP: 21/21 MP: 8/14
  2407 | D:3      | Reached XP level 5. HP: 24/24 MP: 9/17
  2487 | D:3      | Learned a level 3 spell: Dazzling Spray
  2647 | D:3      | Became a worshipper of Makhleb the Destroyer
  3255 | D:4      | Noticed Grinder
  3423 | D:4      | Reached skill level 6 in Stealth
  3481 | D:4      | Noticed a phantom
  3865 | D:4      | Reached XP level 6. HP: 28/28 MP: 13/20
  3952 | D:4      | Acquired Makhleb's first power
  3992 | D:4      | Noticed an ogre
  4008 | D:4      | Killed an ogre
  4008 | D:4      | Reached skill level 5 in Spellcasting
  4112 | D:4      | Found Hyorch's Magic Scroll Boutique.
  4116 | D:4      | Bought a scroll of vulnerability for 75 gold pieces
  4116 | D:4      | Bought a scroll of identify for 20 gold pieces
  4116 | D:4      | Bought a scroll of fog for 20 gold pieces
  4116 | D:4      | Bought a scroll of identify for 20 gold pieces
  4116 | D:4      | Bought a scroll of identify for 20 gold pieces
  4165 | D:4      | Gained mutation: You have a pair of small antennae on your head. [potion of beneficial mutation]
  4888 | D:4      | Paralysed by Grinder for 2 turns
  4916 | D:4      | Killed Grinder
  4916 | D:4      | Reached skill level 7 in Stealth
  4916 | D:4      | Reached XP level 7. HP: 32/32 MP: 19/24
  4959 | D:5      | Entered Level 5 of the Dungeon
  4991 | D:5      | Found a staircase to the Ecumenical Temple.
  5254 | D:5      | Found a shadowy altar of Dithmenos.
  5374 | D:5      | Acquired Makhleb's second power
  5378 | D:5      | Found a snail-covered altar of Cheibriados.
  5844 | D:6      | Got a twisted spear
  5916 | D:6      | Learned a level 4 spell: Enslavement
  5919 | D:6      | Learned a level 2 spell: Sure Blade
  6108 | D:5      | Noticed Crazy Yiuf
  6114 | D:5      | Killed Crazy Yiuf
  6114 | D:5      | Reached skill level 8 in Stealth
  6200 | D:5      | Found an ancient bone altar of Kikubaaqudgha.
  6200 | D:5      | Found a blossoming altar of Fedhas.
  6281 | D:5      | Found Ruunto Twek's General Store.
  6303 | D:5      | Noticed Gartch's ghost (average DEWz)
  6322 | D:5      | Killed Gartch's ghost
  6322 | D:5      | Reached XP level 8. HP: 33/36 MP: 7/26
  6581 | D:6      | Reached skill level 5 in Dodging
  6774 | D:6      | Reached skill level 5 in Short Blades
  7198 | D:6      | Reached skill level 9 in Stealth
  7538 | D:6      | Found Oleusack's Jewellery Shoppe.
  7549 | D:6      | Acquired Makhleb's third power
  8009 | D:6      | Reached skill level 1 in Invocations
  8404 | D:7      | Noticed Menkaure
  8419 | D:7      | Killed Menkaure
  8447 | D:7      | Reached XP level 9. HP: 29/39 MP: 11/29
  9016 | D:7      | Acquired Makhleb's fourth power
  9177 | D:7      | Reached skill level 10 in Stealth
  9431 | D:7      | Found a sparkling altar of Nemelex Xobeh.
  9431 | D:7      | Found a basalt altar of Yredelemnul.
  9812 | D:8      | Noticed Duvessa
  9812 | D:8      | Noticed Dowan
  9818 | D:8      | Killed Duvessa
  9826 | D:8      | Killed Dowan
 10268 | D:8      | Noticed Grum
 10296 | D:8      | Killed Grum
 10324 | D:8      | Acquired Makhleb's fifth power
 10902 | D:8      | Reached skill level 11 in Stealth
 10902 | D:8      | Reached skill level 10 in Spellcasting
 11106 | D:8      | Reached XP level 10. HP: 22/44 MP: 7/31
 11856 | Temple   | Entered the Ecumenical Temple
 12408 | D:8      | HP: 2/44 [orc warrior/flail (12)]
 12806 | D:9      | Learned a level 2 spell: Blink
 12923 | D:9      | Identified a scroll of acquirement
 13134 | D:9      | Reached skill level 1 in Ice Magic
 13969 | D:9      | Noticed Maurice
 14002 | D:9      | Found a shattered altar of Ashenzari.
 14020 | D:10     | Entered Level 10 of the Dungeon
 14190 | D:10     | Noticed a hill giant
 14222 | D:10     | Noticed a hill giant
 14505 | D:11     | Noticed Psyche
 14516 | D:11     | Killed Psyche
 14571 | D:11     | Noticed Nergalle
 14813 | D:10     | Killed a hill giant
 15022 | D:9      | Killed Maurice
 15022 | D:9      | Reached skill level 5 in Ice Magic
 15321 | D:10     | Killed a hill giant
 15331 | D:10     | Noticed a hill giant
 15337 | D:10     | Killed a hill giant
 15337 | D:10     | Reached XP level 11. HP: 47/47 MP: 21/32
 15559 | D:10     | Noticed a hill giant
 15611 | D:10     | Killed a hill giant
 16075 | D:10     | Found a blossoming altar of Fedhas.
 16519 | D:11     | Noticed a hill giant
 16524 | D:11     | Killed a hill giant
 17304 | D:12     | HP: 1/47 [warg (11)]
 17970 | D:11     | Found a staircase to the Lair.
 18075 | D:11     | Noticed an orc warlord
 18309 | D:12     | Noticed a hill giant
 18310 | D:12     | Killed a hill giant
 18395 | D:12     | Noticed an unseen horror
 18402 | D:12     | Killed an unseen horror
 18410 | D:12     | Learned a level 6 spell: Ozocubu's Refrigeration
 18464 | D:12     | Noticed a centaur warrior
 18466 | D:12     | Killed a centaur warrior
 18976 | D:12     | Noticed a hill giant
 18991 | D:12     | Killed a hill giant
 18991 | D:12     | Reached skill level 10 in Ice Magic
 19054 | D:12     | Found a staircase to the Orcish Mines.
 19122 | D:12     | Identified the Collected Works on Scorching Aid
 19127 | D:12     | Learned a level 3 spell: Inner Flame
 19267 | D:11     | Noticed a hill giant
 19279 | D:11     | Killed a hill giant
 19316 | D:11     | Reached skill level 12 in Stealth
 19721 | Lair:1   | Entered Level 1 of the Lair of Beasts
 19931 | Lair:1   | Reached XP level 12. HP: 51/51 MP: 15/33
 19965 | Lair:1   | Slain by a wolf

Action                   |  1- 3 |  4- 6 |  7- 9 | 10-12 || total
-------------------------+-------+-------+-------+-------++-------
Melee: Dagger            |    56 |   114 |   399 |   733 ||  1302
 Fire: Blowgun           |       |       |     2 |       ||     2
       Shortbow          |       |       |     7 |    10 ||    17
 Cast: Corona            |    19 |     2 |       |       ||    21
       Ensorcelled Hiber |    24 |    18 |     9 |       ||    51
       Confuse           |     1 |    16 |    25 |       ||    42
       Dazzling Spray    |       |     3 |    88 |   159 ||   250
       Enslavement       |       |       |    31 |    66 ||    97
       Sure Blade        |       |       |    16 |    40 ||    56
       Blink             |       |       |       |     2 ||     2
Evoke: Wand              |     1 |       |     3 |       ||     4
  Use: Scroll            |    11 |     6 |    10 |     9 ||    36
       Potion            |       |     2 |     2 |     6 ||    10
 Stab: Sleeping          |    13 |    21 |    27 |    34 ||    95
       Confused          |     2 |     7 |    12 |       ||    21
       Invisible         |       |     2 |    19 |    41 ||    62
       Distracted        |       |       |     1 |     7 ||     8
  Eat: Pizza             |       |     1 |     2 |       ||     3
       Bread ration      |       |       |     2 |     1 ||     3
       Fruit             |       |       |       |     5 ||     5
